fhh, chaotic male human Rogue -------------- #.............| #|............| #|............| ------ #------|------- #-....| ----------- ### # ###|.....# |[..("?)+.-# # # # |....|# ############ |%.(!!%(!?|# # # ### |....|# -.----- |[...).!..|# # ### % ------# |.....| |(.*....I.|# # # # # |.....| -----------# --------# ### # # |.....| # |.......# # # # |<....| ### |^.....|#########d@B### ### ##-.....| # |......|# ---.---# # # ------- ##-.)....|# |.....|# ###-----### |.......# |..(..-# #..>.|# -------- |.....|# |...|# ------- +.|..# ----- fhh the Cutpurse Experience level: 4 Strength: 14 Dexterity: 17 Constitution: 11 Intelligence: 10 Wisdom: 14 Charisma: 10 Health: 0(32) Energy: 20(20) Def: 4 Gold: 72 Moves: 1927 Dungeon seed: EEHa3m5sJ40F_uVI Game ID: fhh_1528642407 Your Inventory: Coins $ - 72 gold pieces Weapons a - a +0 short sword (weapon in hand) b - 14 +0 daggers (in quiver) i - 2 +0 elven daggers j - 9 +0 darts D - a +0 dagger Armor e - an uncursed +1 leather armor (being worn) n - an uncursed +0 orcish helm y - an uncursed +0 alchemy smock (being worn) Comestibles g - 5 uncursed food rations Scrolls l - a blessed scroll of remove curse named 40 o - a cursed scroll of gold detection B - an uncursed scroll of gold detection Potions c - an uncursed potion of sickness k - a blessed potion of gain ability p - a cursed potion of gain energy I - an uncursed potion of enlightenment Rings m - an uncursed ring of fire resistance F - an uncursed ring of teleport control Wands H - a wand of teleportation (0:4) Tools d - an uncursed lock pick f - an uncursed sack h - a blessed figurine of a newt A - an uncursed blindfold Gems q - an uncursed worthless piece of red glass r - an uncursed luckstone z - an uncursed worthless piece of black glass Spells and supernatural/magical abilities: Name Level Category Fail Memory W - pray for help -- divine ? -- Your skills at the end: Fighting Skills Weapon Skills dagger [Basic] short sword [Basic] Spellcasting Skills Final Attributes: You were piously aligned. You were poison resistant. You were acid resistant. You were telepathic. You were stealthy. You were lucky. You had extra luck. Bad luck did not time out for you. Good luck did not time out for you. You are dead. Vanquished creatures: a floating eye a kitten a kobold lord a werejackal a coyote 3 hobbits a hobgoblin a giant rat 3 yellow molds 3 geckos 3 jackals 2 foxes a kobold a goblin a sewer rat a grid bug a lichen 2 kobold zombies 4 newts 32 creatures vanquished. Voluntary challenges: You were an atheist. You used a wielded weapon 23 times, starting on turn 81. You read items or engraved 1 time, starting on turn 1460. You never genocided any monsters. You never polymorphed an object. You never changed form. You used no wishes. You never split a pudding. You never wrote Elbereth's name. You violated your moral code, losing 15 points of alignment, starting on turn 26. Dungeon overview: The Dungeons of Doom: levels 1 to 3 Level 1 a fountain a long staircase Level 2 some fountains Level 3 <- You were here a general store History has recorded: On T:1 you entered the Dungeons of Doom to retrieve the Amulet of Yendor! On T:26 you advanced to experience level 2. On T:81 you advanced to experience level 3. On T:924 you reached level 2 of The Dungeons of Doom. On T:1083 you advanced to experience level 4. On T:1118 you reached level 3 of The Dungeons of Doom. Score breakdown: Gold: 72 ( 6338 points) Experience: 4 levels ( 9649 points) Exploration: 3 levels ( 5.88%) ( 6000 points) Discoveries: 4 items ( 1.34%) ( 3475 points) Valuables value: (no points given unless you survive) Artifact value: 0 ( 0 points) Variety of kills: 19 monsters ( 4.99%) ( 6699 points) Turncount: 1927 turns ( 0 points) Survival: died (score multiplied by 80%) Total score: 25728 Latest messages: The dagger hits the giant bat. b - a +0 dagger (in quiver). b - a +0 dagger (in quiver). You displace your little dog. You destroy the kobold zombie! You have a little trouble lifting I - a murky potion. Your movements are slowed slightly because of your load. You displace your little dog. The giant bat bites! You hit the giant bat. The giant bat bites! (2x) The giant bat just misses! The giant bat bites! You displace your little dog. The little dog misses the giant bat. The giant bat bites! You hit the giant bat. The giant bat bites! The little dog misses the giant bat. The giant bat bites! The little dog misses the giant bat. The giant bat bites! The little dog misses the giant bat. The giant bat bites! You die... Final status: Goodbye fhh the Rogue, killed by a giant bat... You died in The Dungeons of Doom on dungeon level 3 with 25728 points, and 72 pieces of gold, after 1927 moves. You were level 4 with a maximum of 32 hit points when you died.